Aspen, chaotic male elven Priest ------- |...<..# |.....|# ------ |.....|# |.... ----.--# ...- # |...| # |...| ### |...| # -|--- ### |...-+--- | # |>[..########|f.........| ##-...|########-u@......{.- |...|# |....".....@@@W................ |....# |...-- -- .........-+-- --- |...| |...| ----- ---- ----- |...| |...| |...- |.... ------ Aspen the Adept Experience level: 6 Strength: 13 Dexterity: 10 Constitution: 16 Intelligence: 13 Wisdom: 13 Charisma: 12 Health: 0(45) Energy: 92(92) Def: 9 Gold: 152 Moves: 3405 Dungeon seed: hbS5Xsk6ToKFYQ6P Game ID: Aspen_1615559592 Your Inventory: Coins $ - 152 gold pieces Weapons a - a blessed very corroded +1 mace (weapon in hand) i - a blessed +1 arrow j - a +0 orcish bow (alternate weapon; not wielded) k - 11 blessed poisoned +0 orcish arrows (in quiver) C - 2 blessed +1 darts H - 7 +0 arrows Z - 11 poisoned +1 orcish arrows Armor e - a +0 robe (being worn) n - a +0 small shield (being worn) q - a +0 pair of jumping boots r - a +2 pair of iron shoes (being worn) N - a blessed +1 dwarvish cloak S - a +0 dwarvish iron helm (being worn) Comestibles c - a clove of garlic s - a food ration Scrolls p - a scroll of enchant weapon w - a cursed scroll of identify G - a cursed scroll of blank paper Spellbooks f - a spellbook of healing g - a spellbook of clairvoyance l - a blessed spellbook of teleport away Potions b - 3 potions of holy water m - a cursed potion of gain energy o - a potion of see invisible u - a potion of water v - a potion of gain ability B - a potion of confusion Wands M - a wand of create monster (0:13) Q - a wand of magic missile (0:0) Tools h - a bugle y - 12 tallow candles (0:200) E - a tin whistle J - a tinning kit (0:40) K - an oil lamp (0:1475) L - a +0 pick-axe R - 5 blessed wax candles (0:400) W - a lock pick Gems z - a worthless piece of orange glass F - a diamond O - an opal P - a worthless piece of black glass U - 3 worthless pieces of yellowish brown glass Y - 2 worthless pieces of white glass Spells and supernatural/magical abilities: Name Level Category Fail Memory h - healing 1 healing 0% 83% t - teleport away 6 escape 100% 99% v - clairvoyance 3 divination 100% 83% W - pray for help -- divine ? -- X - turn undead -- divine ? -- Your skills at the end: Fighting Skills Weapon Skills mace [Basic] Spellcasting Skills clerical spells [Basic] Final Attributes: You were piously aligned. You were sleep resistant. You had infravision. You are dead. Vanquished creatures: a gnome king 8 Uruk-hai a fog cloud 5 gnome lords a paper golem a giant ant a floating eye a kitten 5 dwarves a kobold lord a monkey 2 orc zombies a wererat 5 acid blobs a coyote a gas spore 5 hobbits 2 large kobolds 2 giant rats a yellow mold a green mold a red mold 14 gnomes 2 garter snakes a gnome zombie 5 geckos 4 jackals a fox a kobold 2 goblins 3 sewer rats 6 grid bugs 4 bats 6 lichens a kobold zombie 4 newts 102 creatures vanquished. Voluntary challenges: You had been an atheist until turn 2666. You used a wielded weapon 125 times, starting on turn 18. You read items or engraved 38 times, starting on turn 1935. You never genocided any monsters. You never polymorphed an object. You never changed form. You used no wishes. You never split a pudding. You never wrote Elbereth's name. You violated your moral code, losing 2 points of alignment, starting on turn 1180. Dungeon overview: The Dungeons of Doom: levels 1 to 3 Level 1 an altar to Shan Lai Ching, a fountain a long staircase Level 2 a fountain Level 3 stairs to The Gnomish Mines The Gnomish Mines: levels 4 to 6 Level 4 stairs to The Dungeons of Doom Level 5 Level 6 <- You were here a fountain History has recorded: On T:1 you entered the Dungeons of Doom to retrieve the Amulet of Yendor! On T:325 you reached level 2 of The Dungeons of Doom. On T:570 you reached level 3 of The Dungeons of Doom. On T:645 you advanced to experience level 2. On T:1031 you advanced to experience level 3. On T:1717 you advanced to experience level 4. On T:1867 you reached level 1 of The Gnomish Mines. On T:2055 you advanced to experience level 5. On T:2652 you reached level 2 of The Gnomish Mines. On T:2714 you advanced to experience level 6. On T:3346 you reached level 3 of The Gnomish Mines. Score breakdown: Gold: 152 ( 7431 points) Experience: 6 levels (12456 points) Exploration: 6 levels ( 12.50%) ( 9784 points) Discoveries: 8 items ( 2.79%) ( 5008 points) Valuables value: (no points given unless you survive) Artifact value: 0 ( 0 points) Variety of kills: 36 monsters ( 9.45%) ( 9221 points) Turncount: 3405 turns ( -787 points) Survival: died (score multiplied by 80%) Total score: 34490 Latest messages: The orc zombie misses. You destroy the orc zombie! You see here an orc corpse. You displace Thistle. You fall down the stairs. You displace Thistle. You stop. Thistle is in the way! The door opens. You hit the mountain nymph. The mountain nymph stole 2 tins of Uruk-hai meat. The watchman is caught in a spider web. You hear the chime of a cash register. You displace Thistle. "What lousy pay we're getting here!" You hear crashing rock. The watch captain is caught in a spider web. You hear crashing rock. The panther hits! (2x) The panther bites! The panther hits! (2x) The panther misses. The panther hits! (2x) The panther bites! The panther misses. (2x) The panther bites! You die... Final status: Goodbye Aspen the Priest, killed by a panther... You died in The Gnomish Mines on dungeon level 6 with 34490 points, and 152 pieces of gold, after 3405 moves. You were level 6 with a maximum of 45 hit points when you died.